[Event "ICC tourney 2248 (120 10)"]
[Site "Internet Chess Club"]
[Date "2020.12.28"]
[Round "6"]
[White "orwind"]
[Black "Minsco"]
[Result "0-1"]
[ICCResult "White resigns"]
[WhiteElo "1620"]
[BlackElo "1750"]
[Opening "French: Tarrasch, closed variation"]
[ECO "C05"]
[NIC "FR.16"]
[Time "17:16:52"]
[PlyCount "62"]
[TimeControl "7200+10"]

1. e4 e6 2. d4 d5 3. Nd2 Nf6 4. e5 Nfd7 5. Ngf3 c5 6. c3 Nc6 7. Be2 cxd4 8.
cxd4 f6 9. exf6 Nxf6 10. O-O Bd6 11. Re1 O-O 12. Nf1 e5 13. dxe5 Nxe5 14.
Bg5 Be6 15. Qd4 Ned7 16. Bb5 Bc5 17. Qd3 Qb6 18. Be3 Rad8 19. b4 Bxe3 20.
Rxe3 Ng4 21. Re2 Ndf6 22. h3 Nxf2 23. Rxf2 Ne4 24. Ne3 Nxf2 25. Kxf2 Bf5
26. Qf1 Be4 27. Bd3 Qxb4 28. Rd1 Qc5 29. Qe2 Rde8 30. Re1 Bxf3 31. gxf3 d4
{ White resigns } 0-1

[Event "ICC tourney 2248 (120 10)"]
[Site "Internet Chess Club"]
[Date "2020.12.28"]
[Round "6"]
[White "Cambod1"]
[Black "trucker"]
[Result "1-0"]
[ICCResult "Black resigns"]
[WhiteElo "1739"]
[BlackElo "1610"]
[Opening "Grünfeld: exchange, Spassky variation"]
[ECO "D87"]
[NIC "GI.05"]
[Time "17:17:19"]
[PlyCount "71"]
[TimeControl "7200+10"]

1. d4 Nf6 2. c4 g6 3. Nc3 d5 4. cxd5 Nxd5 5. e4 Nxc3 6. bxc3 Bg7 7. Bc4 O-O
8. Ne2 c5 9. Be3 Qa5 10. O-O Nd7 11. Rb1 a6 12. Qc1 Re8 13. e5 e6 14. h4 h5
15. Bh6 b5 16. Bxg7 Kxg7 17. Bd3 Bb7 18. Qg5 Qd8 19. Qg3 Rg8 20. Nf4 Kh8
21. Nh3 cxd4 22. Qf4 Rg7 23. Ng5 dxc3 24. Nxf7+ Rxf7 25. Qxf7 Nc5 26. Bxg6
Qg8 27. Qf6+ Qg7 28. Qg5 Ne4 29. Qxh5+ Kg8 30. Rb4 a5 31. Rxe4 Bxe4 32.
Bxe4 Rd8 33. Re1 b4 34. Re3 Kf8 35. Rg3 Qf7 36. Rf3 { Black resigns } 1-0

[Event "ICC tourney 2248 (120 10)"]
[Site "Internet Chess Club"]
[Date "2020.12.28"]
[Round "6"]
[White "salamenceg"]
[Black "welmo"]
[Result "0-1"]
[ICCResult "White checkmated"]
[WhiteElo "1080"]
[BlackElo "1604"]
[Opening "Ruy Lopez: Classical defense deferred"]
[ECO "C70"]
[NIC "RL.09"]
[Time "17:17:11"]
[PlyCount "166"]
[TimeControl "7200+10"]

1. e4 e5 2. Nf3 Nc6 3. Bb5 a6 4. Ba4 Bc5 5. O-O d6 6. c3 Bd7 7. Bxc6 Bxc6
8. d4 exd4 9. cxd4 Bb6 10. d5 Bd7 11. Bf4 Ne7 12. Nc3 O-O 13. Ng5 h6 14.
Nf3 Ng6 15. Bc1 Re8 16. Nd2 Ba5 17. Re1 Bb6 18. Nb3 Ne5 19. Be3 Bxe3 20.
Rxe3 Nc4 21. Rg3 Ne5 22. Qh5 Kh8 23. Nd4 Qf6 24. Rf1 Ng6 25. Nf5 Bxf5 26.
exf5 Nf8 27. Kh1 Nh7 28. f4 Re7 29. h3 Qd4 30. Qg4 Rg8 31. Rd1 Qf2 32. Rb1
Nf6 33. Qh4 Re3 34. Kh2 Rxg3 35. Qxg3 Qxg3+ 36. Kxg3 Re8 37. Kh2 Kg8 38. g4
Nh7 39. h4 f6 40. Kg2 Kf7 41. Kf2 Re7 42. Re1 Rxe1 43. Kxe1 Nf8 44. Ne4 Nd7
45. g5 Nb6 46. gxh6 gxh6 47. Nc3 Nc4 48. Nd1 c6 49. dxc6 bxc6 50. Kf2 d5
51. Kg3 h5 52. b3 Nd6 53. Ne3 d4 54. Nc4 Nxf5+ 55. Kh3 Ke6 56. Nd2 Kd5 57.
a4 d3 58. b4 Kd4 59. Nf3+ Ke3 60. Ne5 d2 61. Nc4+ Ke2 62. Nxd2 Kxd2 63. a5
Kc3 64. b5 cxb5 65. Kg2 b4 66. Kf1 b3 67. Ke2 Kc2 68. Kf3 b2 69. Ke4 Ng3+
70. Kd5 b1=Q 71. Ke6 Qe1+ 72. Kxf6 Qe4 73. Kg5 Qf5+ 74. Kh6 Qxf4+ 75. Kh7
Qg4 76. Kh8 Ne4 77. Kh7 Nf6+ 78. Kh6 Ne4 79. Kh7 Kd3 80. Kh6 Kd4 81. Kh7
Ke5 82. Kh6 Kf6 83. Kh7 Qg7# { White checkmated } 0-1

[Event "ICC tourney 2248 (120 10)"]
[Site "Internet Chess Club"]
[Date "2020.12.28"]
[Round "6"]
[White "JACOBCHESS857"]
[Black "muzikmixer"]
[Result "0-1"]
[ICCResult "White checkmated"]
[WhiteElo "1424"]
[BlackElo "1633"]
[Opening "Pirc: Ufimtsev-Pytel variation"]
[ECO "B07"]
[NIC "PU.08"]
[Time "17:17:43"]
[PlyCount "128"]
[TimeControl "7200+10"]

1. e4 d6 2. d4 Nf6 3. Nc3 c6 4. Nf3 Bg4 5. Be2 e6 6. O-O Bxf3 7. Bxf3 d5 8.
e5 Nfd7 9. Ne2 b5 10. a3 c5 11. c3 Be7 12. Be3 c4 13. b3 Nb6 14. b4 Nc6 15.
Qd2 O-O 16. Ng3 a5 17. Be2 Ra7 18. f4 g6 19. Bf3 Qa8 20. Qc1 axb4 21. axb4
Rxa1 22. Qxa1 Qxa1 23. Rxa1 Na4 24. Ne2 h5 25. g4 hxg4 26. Bxg4 Ra8 27. Bd2
Ra7 28. Kf2 Bh4+ 29. Kf3 Be7 30. Kg3 Nxc3 31. Bxc3 Rxa1 32. Bxa1 Bxb4 33.
Kf2 Bd2 34. Ng3 c3 35. Ne2 b4 36. Bf3 Na5 37. Nxc3 bxc3 38. Bd1 Nc6 39. Ke2
Nb4 40. h3 Kg7 41. h4 Kh6 42. Bb3 Kh5 43. Bd1 Kxh4 44. Bb3 Kg4 45. Bd1 Kxf4
46. Bxc3 Bxc3 47. Kf2 Bxd4+ 48. Kg2 Bxe5 49. Be2 g5 50. Bd1 g4 51. Be2 f5
52. Kf2 g3+ 53. Kg2 Ke3 54. Bd1 Na2 55. Bc2 Nc3 56. Bb3 f4 57. Bc2 f3+ 58.
Kg1 Bf4 59. Bb3 e5 60. Bc2 Kd2 61. Bb3 e4 62. Kf1 e3 63. Kg1 e2 64. Bxd5
e1=Q# { White checkmated } 0-1

[Event "ICC tourney 2248 (120 10)"]
[Site "Internet Chess Club"]
[Date "2020.12.28"]
[Round "6"]
[White "che2468"]
[Black "wulovechess"]
[Result "1-0"]
[ICCResult "Black checkmated"]
[WhiteElo "1464"]
[BlackElo "1612"]
[Opening "Queen's pawn: Chigorin variation"]
[ECO "D00"]
[NIC "QP.08"]
[Time "17:17:03"]
[PlyCount "107"]
[TimeControl "7200+10"]

1. d4 d5 2. Nc3 Nf6 3. Bf4 Bf5 4. f3 Bg6 5. g4 h6 6. h4 e5 7. dxe5 d4 8.
exf6 dxc3 9. Qxd8+ Kxd8 10. fxg7 Bxg7 11. O-O-O+ Kc8 12. b3 Bf8 13. Bh3
Ba3+ 14. Kb1 b6 15. Be5 Re8 16. Bxc3 Kb7 17. g5 h5 18. e4 Nc6 19. Ne2 Bd6
20. Bf6 Be5 21. Bd7 Bxf6 22. Bxe8 Rxe8 23. gxf6 Ne5 24. f4 Ng4 25. f5 Bxf5
26. exf5 Rxe2 27. Rd7 Rf2 28. Rxf7 Rxf5 29. Re1 Rxf6 30. Rxf6 Nxf6 31. Re6
Ng4 32. Rg6 Kc8 33. Rg5 Nf6 34. Rf5 Ne4 35. Rxh5 Kd7 36. Rh7+ Ke6 37. Rxc7
a5 38. Rc4 Nd2+ 39. Kb2 Nxc4+ 40. bxc4 Kf5 41. Kb3 Kg4 42. Ka4 Kxh4 43. Kb5
Kg4 44. Kxb6 Kf4 45. c5 Ke4 46. c6 Kd4 47. c7 Kc3 48. c8=Q+ Kb2 49. Kxa5
Ka1 50. Ka4 Kb1 51. Qc3 Kc1 52. Kb3 Kd1 53. a4 Kc1 54. Qe1# { Black
checkmated } 1-0

[Event "ICC tourney 2248 (120 10)"]
[Site "Internet Chess Club"]
[Date "2020.12.28"]
[Round "6"]
[White "messyblaster"]
[Black "jHanna"]
[Result "1/2-1/2"]
[ICCResult "Game drawn by mutual agreement"]
[WhiteElo "1563"]
[BlackElo "1787"]
[Opening "QGD Slav defense"]
[ECO "D13"]
[NIC "SL.01"]
[Time "17:16:50"]
[PlyCount "67"]
[TimeControl "7200+10"]

1. d4 d5 2. c4 c6 3. Nc3 Nf6 4. cxd5 cxd5 5. Nf3 Nc6 6. Bf4 a6 7. e3 Bf5 8.
Qb3 Na5 9. Qa4+ b5 10. Qd1 e6 11. Bd3 Bxd3 12. Qxd3 Bb4 13. O-O O-O 14.
Rac1 Rc8 15. Ne2 Nc4 16. b3 Nd6 17. Rxc8 Nxc8 18. Rc1 Nd6 19. Rc6 Nde4 20.
Rxa6 Ng4 21. Qxb5 Bd6 22. Bxd6 Nxd6 23. Qb6 Qc8 24. h3 Qc2 25. hxg4 Ne4 26.
Qb5 Qd1+ 27. Kh2 Nxf2 28. Neg1 Nxg4+ 29. Kg3 Nxe3 30. Qe2 Nf5+ 31. Kf2 Qc1
32. Qd2 Qc7 33. Ra5 Ng3 34. Qe1 { Game drawn by mutual agreement } 1/2-1/2

[Event "ICC tourney 2248 (120 10)"]
[Site "Internet Chess Club"]
[Date "2020.12.28"]
[Round "6"]
[White "sunnyjingxu"]
[Black "asergeev"]
[Result "0-1"]
[ICCResult "White checkmated"]
[WhiteElo "1711"]
[BlackElo "1898"]
[Opening "Caro-Kann: advance variation"]
[ECO "B12"]
[NIC "CK.04"]
[Time "17:17:43"]
[PlyCount "130"]
[TimeControl "7200+10"]

1. e4 c6 2. d4 d5 3. e5 Bf5 4. Nf3 e6 5. Be2 c5 6. c3 Nc6 7. a3 cxd4 8.
cxd4 Nge7 9. Nc3 Nc8 10. O-O Be7 11. h3 g5 12. Nh2 Nb6 13. Bd3 Nxd4 14.
Bxf5 Nxf5 15. Ne2 h5 16. Nd4 Nxd4 17. Qxd4 Rc8 18. b3 Bc5 19. Qd2 g4 20.
Qg5 Qxg5 21. Bxg5 g3 22. Nf3 Bxf2+ 23. Rxf2 gxf2+ 24. Kxf2 Rc2+ 25. Kf1 Rg8
26. h4 Rc3 27. Rb1 Kd7 28. a4 Nc8 29. Nd4 a6 30. Ne2 Rc7 31. Rd1 Ne7 32.
Rd3 Rxg5 33. hxg5 h4 34. Rh3 Nf5 35. Rf3 Rc2 36. Ke1 Rxe2+ 37. Kxe2 Nd4+
38. Kf2 Nxf3 39. Kxf3 Kc6 40. b4 a5 41. bxa5 Kc5 42. Ke3 d4+ 43. Kd3 Kd5
44. a6 bxa6 45. a5 Kxe5 46. Kc4 Ke4 47. Kc5 d3 48. Kb6 d2 49. Kxa6 d1=Q 50.
Kb6 Kf5 51. a6 Kxg5 52. a7 Qd5 53. Kc7 Qxg2 54. Kb8 h3 55. a8=Q Qxa8+ 56.
Kxa8 h2 57. Kb7 h1=Q+ 58. Kc7 Qd1 59. Kc6 e5 60. Kc5 e4 61. Kc4 e3 62. Kc3
e2 63. Kb2 e1=Q 64. Ka2 Qc2+ 65. Ka3 Qa5# { White checkmated } 0-1

[Event "ICC tourney 2248 (120 10)"]
[Site "Internet Chess Club"]
[Date "2020.12.28"]
[Round "6"]
[White "mutantpenguin"]
[Black "abelMZ084"]
[Result "1/2-1/2"]
[ICCResult "Game drawn by mutual agreement"]
[WhiteElo "1377"]
[BlackElo "1667"]
[Opening "Scotch: Blumenfeld attack"]
[ECO "C45"]
[NIC "SO.05"]
[Time "17:17:16"]
[PlyCount "79"]
[TimeControl "7200+10"]

1. e4 e5 2. Nf3 Nc6 3. d4 exd4 4. Nxd4 Bc5 5. Be3 Qf6 6. Nb5 Bxe3 7. fxe3
Kd8 8. N1c3 Nge7 9. Qd2 a6 10. Nd4 d6 11. O-O-O Be6 12. Nxe6+ Qxe6 13. Nd5
Qxe4 14. Nxe7 Kxe7 15. Bd3 Qa4 16. a3 b5 17. Qc3 b4 18. axb4 Rab8 19. b3
Qa3+ 20. Kd2 Qxb4 21. Qxb4 Nxb4 22. Ra1 Rb6 23. Ra4 c5 24. Rha1 Ra8 25. Be2
Ke6 26. e4 Ke5 27. Ra5 Ra7 28. Bf3 Nc6 29. R5a4 a5 30. Be2 Rb4 31. Rxb4
axb4 32. Rf1 Nd4 33. Bd3 f6 34. Ke3 Ra2 35. Rf2 g6 36. c3 Ra3 37. cxd4+
cxd4+ 38. Kd2 Rxb3 39. Rf1 Rb2+ 40. Ke1 { Game drawn by mutual agreement }
1/2-1/2

[Event "ICC tourney 2248 (120 10)"]
[Site "Internet Chess Club"]
[Date "2020.12.28"]
[Round "6"]
[White "cdj12417489"]
[Black "rokrchess"]
[Result "0-1"]
[ICCResult "White resigns"]
[WhiteElo "1268"]
[BlackElo "1619"]
[Opening "Sicilian: Canal-Sokolsky attack, 3...Bd7"]
[ECO "B52"]
[NIC "SI.01"]
[Time "17:17:12"]
[PlyCount "80"]
[TimeControl "7200+10"]

1. e4 c5 2. Nf3 d6 3. Bb5+ Bd7 4. Bxd7+ Nxd7 5. O-O Ngf6 6. Nc3 g6 7. d3
Bg7 8. h3 O-O 9. Be3 Rc8 10. Qd2 a6 11. Bh6 c4 12. Bxg7 Kxg7 13. d4 e5 14.
Rfe1 b5 15. dxe5 Nxe5 16. Nxe5 dxe5 17. Rad1 Qxd2 18. Rxd2 Rfd8 19. Red1
Rxd2 20. Rxd2 b4 21. Nd5 Rd8 22. f3 Nxd5 23. exd5 f5 24. Kf2 f4 25. g3 g5
26. g4 Kf6 27. Ke2 Ke7 28. b3 c3 29. Rd3 Kd6 30. Kd1 Kc5 31. Kc1 Rxd5 32.
Rxd5+ Kxd5 33. Kd1 e4 34. Ke2 exf3+ 35. Kxf3 Kd4 36. h4 h6 37. h5 Ke5 38.
Kf2 Ke4 39. Ke2 f3+ 40. Kf2 Kf4 { White resigns } 0-1

[Event "ICC tourney 2248 (120 10)"]
[Site "Internet Chess Club"]
[Date "2020.12.28"]
[Round "6"]
[White "fireheart"]
[Black "Coolbull"]
[Result "0-1"]
[ICCResult "White resigns"]
[WhiteElo "1620"]
[BlackElo "1743"]
[Opening "Ruy Lopez: Anderssen variation"]
[ECO "C77"]
[NIC "RL.12"]
[Time "17:16:54"]
[PlyCount "114"]
[TimeControl "7200+10"]

1. e4 e5 2. Nf3 Nc6 3. Bb5 a6 4. Ba4 Nf6 5. d3 b5 6. Bb3 Be7 7. c3 O-O 8.
Nbd2 d6 9. Nf1 d5 10. Qe2 dxe4 11. dxe4 Bc5 12. Ng3 Bb7 13. O-O Qe7 14. Nf5
Qe8 15. Bg5 Be7 16. Nxe7+ Qxe7 17. Nh4 Bc8 18. Nf5 Bxf5 19. exf5 Rad8 20.
Rad1 Na5 21. Bc2 Nc4 22. b3 Nd6 23. Rfe1 Rfe8 24. Rd5 e4 25. f3 c6 26. Rdd1
h6 27. Bc1 Nd5 28. Bb2 Qa7+ 29. Kh1 e3 30. c4 Nf4 31. Qf1 e2 32. Rxe2 Rxe2
33. Rc1 bxc4 34. g3 Rf2 35. Qe1 Nd3 36. Bxd3 cxd3 37. Qe5 f6 38. Qe6+ Qf7
39. Ba3 Qxe6 40. fxe6 Re2 41. Rd1 Rxe6 42. Rxd3 Nf7 43. Rc3 Rd2 44. Rc1
Ree2 45. f4 Rxh2+ 46. Kg1 Rhg2+ 47. Kh1 Rge2 48. Bb4 Rxa2 49. Bc5 Rac2 50.
Rxc2 Rxc2 51. b4 Rxc5 52. bxc5 Nd8 53. Kg2 a5 54. Kf2 a4 55. Ke2 a3 56. Kd2
a2 57. Kc2 a1=Q { White resigns } 0-1

[Event "ICC tourney 2248 (120 10)"]
[Site "Internet Chess Club"]
[Date "2020.12.28"]
[Round "6"]
[White "MadiChesskid"]
[Black "rachael1120"]
[Result "0-1"]
[ICCResult "White checkmated"]
[WhiteElo "1496"]
[BlackElo "1678"]
[Opening "Queen's pawn game"]
[ECO "D02"]
[NIC "QP.09"]
[Time "17:16:53"]
[PlyCount "94"]
[TimeControl "7200+10"]

1. Nf3 d5 2. d4 e6 3. c4 Be7 4. Nc3 Nf6 5. e3 O-O 6. Bd3 b6 7. O-O Bb7 8.
Qc2 Nbd7 9. cxd5 exd5 10. Re1 c5 11. Ng5 h6 12. Nf3 Rc8 13. Qb1 c4 14. Bc2
a6 15. e4 dxe4 16. Nxe4 b5 17. Bf4 Nb6 18. Ng3 Nbd5 19. Nf5 Bb4 20. Bd2
Bxd2 21. Nxd2 Qc7 22. Ne4 Nxe4 23. Bxe4 Rfe8 24. Bxd5 Bxd5 25. Qc2 Qd7 26.
Rad1 Re6 27. Re5 Rce8 28. Rde1 Rxe5 29. dxe5 f6 30. f4 fxe5 31. fxe5 Rf8
32. e6 Bxe6 33. Nxh6+ Kh8 34. Qg6 Rf6 35. Qe4 Rxh6 36. Qa8+ Kh7 37. Qe4+
Bf5 38. Qf4 Bg6 39. Qf1 Qf5 40. Qe2 Qf4 41. g3 Qd4+ 42. Kh1 Bf7 43. Qc2+
Rg6 44. h3 Qd6 45. Kh2 Qxg3+ 46. Kh1 Bd5+ 47. Re4 Qg1# { White checkmated }
0-1

[Event "ICC tourney 2248 (120 10)"]
[Site "Internet Chess Club"]
[Date "2020.12.28"]
[Round "6"]
[White "uzkuzk"]
[Black "kittycat35"]
[Result "0-1"]
[ICCResult "White resigns"]
[WhiteElo "1809"]
[BlackElo "1724"]
[Opening "Giuoco Piano"]
[ECO "C50"]
[NIC "IG.02"]
[Time "17:17:32"]
[PlyCount "100"]
[TimeControl "7200+10"]

1. e4 e5 2. Nf3 Nc6 3. Bc4 Bc5 4. O-O Nf6 5. d3 d6 6. c3 Bg4 7. Nbd2 O-O 8.
Re1 Na5 9. Bb5 c6 10. Ba4 b5 11. Bc2 Bb6 12. Nf1 h6 13. h3 Be6 14. Be3 Bc7
15. d4 exd4 16. cxd4 Nc4 17. Bc1 Re8 18. b3 Nb6 19. Bb2 d5 20. e5 Nh7 21.
Qd3 g6 22. Bc1 Bf5 23. Qc3 Bxc2 24. Qxc2 Re6 25. g4 g5 26. Ng3 Nc8 27. Ba3
a5 28. h4 b4 29. Bc1 Rg6 30. hxg5 hxg5 31. Kg2 Qd7 32. Nf5 Ne7 33. Rh1 Nxf5
34. gxf5 Rg7 35. Nh2 Bd8 36. Ng4 f6 37. Bb2 Rc8 38. Rh6 Nf8 39. Rah1 Rh7
40. Qd3 Rc7 41. exf6 Qe8 42. Ne5 Bxf6 43. Rxf6 Rxh1 44. Kxh1 Qh5+ 45. Kg2
Rh7 46. f4 Qh1+ 47. Kf2 Rh2+ 48. Ke3 Qe1+ 49. Kf3 Rf2+ 50. Kg3 Qg1+ { White
resigns } 0-1

[Event "ICC tourney 2248 (120 10)"]
[Site "Internet Chess Club"]
[Date "2020.12.28"]
[Round "6"]
[White "AbleCompany"]
[Black "ZAPPAWITS"]
[Result "1-0"]
[ICCResult "Black resigns"]
[WhiteElo "1568"]
[BlackElo "1713"]
[Opening "Caro-Kann: advance variation"]
[ECO "B12"]
[NIC "CK.04"]
[Time "17:17:43"]
[PlyCount "61"]
[TimeControl "7200+10"]

1. e4 c6 2. d4 d5 3. e5 Bf5 4. Nc3 e6 5. g4 Bg6 6. Nge2 Bb4 7. a3 Qa5 8.
Bd2 Bxc3 9. Nxc3 Qb6 10. Bc1 Nd7 11. b4 Ne7 12. Be2 a5 13. Be3 axb4 14.
axb4 Rxa1 15. Qxa1 O-O 16. Qb2 f6 17. f4 fxe5 18. fxe5 Qa7 19. b5 cxb5 20.
Nxb5 Qb6 21. Qa3 Nc6 22. Kd2 Na5 23. Qd6 Nc4+ 24. Bxc4 Qa5+ 25. Nc3 Rd8 26.
Bd3 Bf7 27. Bg5 Rc8 28. Qxd7 Qxc3+ 29. Ke2 h6 30. Bd2 Qxd4 31. Qxc8+ {
Black resigns } 1-0

[Event "ICC tourney 2248 (120 10)"]
[Site "Internet Chess Club"]
[Date "2020.12.28"]
[Round "6"]
[White "Gallifreyan"]
[Black "doudou2011"]
[Result "0-1"]
[ICCResult "White checkmated"]
[WhiteElo "1689"]
[BlackElo "1412"]
[Opening "English: Mikenas-Carls, Kevitz variation"]
[ECO "A18"]
[NIC "EO.64"]
[Time "17:17:07"]
[PlyCount "120"]
[TimeControl "7200+10"]

1. c4 e6 2. e4 Nf6 3. Nc3 Nc6 4. Nge2 Ne5 5. d3 Be7 6. f4 Ng6 7. h3 d6 8.
g3 c5 9. Bg2 a6 10. O-O Qc7 11. Be3 Bd7 12. a4 h5 13. Rb1 Bc6 14. d4 cxd4
15. Nxd4 Bd7 16. b3 Qc8 17. f5 exf5 18. Nxf5 Bxf5 19. exf5 Ne5 20. Nd5 Nxd5
21. Qxd5 Nc6 22. Rbe1 Qd7 23. f6 gxf6 24. Bb6 Ne5 25. a5 Rg8 26. Kh2 Rb8
27. Be4 Rg5 28. Be3 Ng4+ 29. hxg4 Rxd5 30. cxd5 Qxg4 31. Bf5 Qb4 32. Bb6
Qd2+ 33. Kh3 Qxd5 34. Bc7 Ra8 35. Be4 Qe6+ 36. Bf5 Qd5 37. Be4 Qc5 38. Bb6
Qc8+ 39. Bf5 Qc3 40. Re3 Qd2 41. Rfe1 Qd5 42. Rxe7+ Kf8 43. Bc2 Rc8 44.
R7e2 Rxc2 45. Rxc2 Qf5+ 46. Kg2 Qxc2+ 47. Kg1 Qxb3 48. Kg2 Qd5+ 49. Kg1 Qf3
50. Kh2 Kg7 51. Re3 Qf2+ 52. Kh3 Qg1 53. Re2 Qf1+ 54. Rg2 d5 55. Kh2 Kg6
56. Rf2 Qc4 57. Bd8 f5 58. Rf4 Qe2+ 59. Kh3 Qd1 60. Bb6 Qh1# { White
checkmated } 0-1

[Event "ICC tourney 2248 (120 10)"]
[Site "Internet Chess Club"]
[Date "2020.12.28"]
[Round "6"]
[White "coolhappyfish"]
[Black "nboad"]
[Result "1/2-1/2"]
[ICCResult "Game drawn by mutual agreement"]
[WhiteElo "1680"]
[BlackElo "1872"]
[Opening "Modern defense"]
[ECO "A40"]
[NIC "KI.50"]
[Time "17:17:18"]
[PlyCount "44"]
[TimeControl "7200+10"]

1. d4 g6 2. c4 Bg7 3. e4 c5 4. d5 d6 5. Nc3 Nf6 6. f3 O-O 7. Bg5 Nbd7 8.
Nh3 a6 9. Qd2 Ne5 10. Nf2 b5 11. cxb5 axb5 12. Bxb5 Ba6 13. Qe2 Qa5 14. O-O
h6 15. Bd2 Rfb8 16. a4 Ne8 17. Rfb1 Nc7 18. Bxa6 Qxa6 19. Qxa6 Rxa6 20. b3
g5 21. Ra3 Nb5 22. Nxb5 Rxb5 { Game drawn by mutual agreement } 1/2-1/2

[Event "ICC tourney 2248 (120 10)"]
[Site "Internet Chess Club"]
[Date "2020.12.28"]
[Round "6"]
[White "mrerikchin"]
[Black "mnm2"]
[Result "1/2-1/2"]
[ICCResult "Game drawn by mutual agreement"]
[WhiteElo "1636"]
[BlackElo "1510"]
[Opening "English: symmetrical variation"]
[ECO "A34"]
[NIC "EO.64"]
[Time "17:17:14"]
[PlyCount "53"]
[TimeControl "7200+10"]

1. c4 c5 2. Nc3 Nf6 3. e4 Nc6 4. g3 e5 5. Bg2 Be7 6. Nge2 O-O 7. O-O d6 8.
d3 Be6 9. f4 Bg4 10. h3 Bd7 11. f5 a6 12. g4 Qc7 13. Ng3 h6 14. g5 hxg5 15.
Bxg5 Qd8 16. Bxf6 Bxf6 17. Nh5 Bg5 18. Nd5 Ne7 19. Qf3 Nxd5 20. exd5 f6 21.
Qg3 Bh6 22. Kh1 Be8 23. Bf3 Qd7 24. Bg4 Bf7 25. Be2 Qe7 26. Rg1 Be8 27. Rg2
{ Game drawn by mutual agreement } 1/2-1/2

[Event "ICC tourney 2248 (120 10)"]
[Site "Internet Chess Club"]
[Date "2020.12.28"]
[Round "6"]
[White "dswang"]
[Black "gmcarebear999"]
[Result "0-1"]
[ICCResult "White checkmated"]
[WhiteElo "1828"]
[BlackElo "1752"]
[Opening "Sicilian: dragon, classical, Richter variation"]
[ECO "B73"]
[NIC "SI.15"]
[Time "17:17:13"]
[PlyCount "124"]
[TimeControl "7200+10"]

1. e4 c5 2. Nf3 d6 3. d4 cxd4 4. Nxd4 Nf6 5. Nc3 g6 6. Be2 Bg7 7. O-O O-O
8. Be3 Nc6 9. Qd2 Ng4 10. Bxg4 Bxg4 11. f3 Bd7 12. Kh1 Rc8 13. f4 Na5 14.
b3 Nc6 15. Nd5 e6 16. Nb4 Nxb4 17. Qxb4 e5 18. Nf3 Rxc2 19. fxe5 dxe5 20.
Bxa7 Bc6 21. Bb6 Qd3 22. Bc5 Bxe4 23. Rae1 Rc8 24. Be7 Bd5 25. Qd6 Rxa2 26.
Qd7 Rca8 27. Rc1 h6 28. Rg1 Rxg2 29. Rgd1 Qxf3 30. Qxd5 e4 31. Rd3 Qxd3 32.
Qxd3 exd3 33. Kxg2 d2 34. Rd1 Bc3 35. Kf3 Re8 36. Bh4 Re1 37. Bxe1 dxe1=Q
38. Rxe1 Bxe1 39. Ke4 f5+ 40. Ke5 Kf7 41. h3 Bg3+ 42. Kd4 Ke6 43. b4 f4 44.
Ke4 h5 45. Kd4 g5 46. Ke4 g4 47. hxg4 hxg4 48. Kd3 f3 49. Ke3 Be1 50. b5 f2
51. Ke2 g3 52. Kf1 Kd6 53. Kg2 Kc5 54. Kf1 Kxb5 55. Kg2 Kc4 56. Kf1 b5 57.
Kg2 b4 58. Kf1 b3 59. Kg2 b2 60. Kf1 b1=Q 61. Kg2 Qe4+ 62. Kh3 f1=B# {
White checkmated } 0-1

[Event "ICC tourney 2248 (120 10)"]
[Site "Internet Chess Club"]
[Date "2020.12.28"]
[Round "6"]
[White "Supersamraat"]
[Black "MikeWMason"]
[Result "0-1"]
[ICCResult "White checkmated"]
[WhiteElo "1539"]
[BlackElo "1761"]
[Opening "Queen's pawn, Mason variation, Steinitz counter-gambit"]
[ECO "D00"]
[NIC "QP.08"]
[Time "17:17:38"]
[PlyCount "100"]
[TimeControl "7200+10"]

1. d4 d5 2. Bf4 c5 3. c3 Nc6 4. e3 Qb6 5. Qb3 c4 6. Qxb6 axb6 7. Nd2 b5 8.
Ngf3 b4 9. Be2 Nf6 10. O-O Bf5 11. Rfc1 e6 12. Nh4 bxc3 13. Rxc3 Bb4 14.
Nxf5 exf5 15. Rc2 Ne4 16. Nxe4 fxe4 17. f3 f5 18. fxe4 fxe4 19. Bg4 Ra6 20.
a3 Be7 21. Rf1 Bf6 22. Bh5+ Ke7 23. Rd2 Rf8 24. h3 Raa8 25. Kh2 g5 26. Bg3
Bg7 27. Rdf2 Rxf2 28. Rxf2 Rf8 29. Rxf8 Kxf8 30. Bd6+ Kg8 31. Be8 Bf8 32.
Bxf8 Kxf8 33. Bxc6 bxc6 34. Kg3 Ke7 35. Kg4 Kd6 36. Kxg5 c5 37. dxc5+ Kxc5
38. Kf4 d4 39. Kxe4 d3 40. Kf3 c3 41. bxc3 Kc4 42. e4 Kxc3 43. e5 d2 44. e6
d1=Q+ 45. Ke4 Qd6 46. Kf5 Qxa3 47. g4 Qf8+ 48. Kg5 Kd4 49. h4 Qg7+ 50. Kh5
Qg6# { White checkmated } 0-1

[Event "ICC tourney 2248 (120 10)"]
[Site "Internet Chess Club"]
[Date "2020.12.28"]
[Round "6"]
[White "haofangzhu"]
[Black "Priccchess"]
[Result "1/2-1/2"]
[ICCResult "Game drawn by repetition"]
[WhiteElo "1454"]
[BlackElo "1806"]
[Opening "Philidor: exchange variation"]
[ECO "C41"]
[NIC "KP.08"]
[Time "17:16:57"]
[PlyCount "117"]
[TimeControl "7200+10"]

1. e4 e5 2. Nf3 d6 3. d4 exd4 4. Nxd4 Nf6 5. Nc3 Be7 6. Bc4 O-O 7. O-O a6
8. a4 Bd7 9. h3 Nc6 10. f4 Nxd4 11. Qxd4 Bc6 12. b3 b6 13. Kh1 Nd7 14. e5
dxe5 15. fxe5 Bc5 16. Qf4 Qe7 17. Re1 Kh8 18. Bd5 Bb4 19. Bxc6 Bxc3 20. Ba3
Nc5 21. Bxa8 Bxa1 22. Rxa1 Rxa8 23. Rd1 Ne6 24. Bxe7 Nxf4 25. Rd7 Ne6 26.
Bh4 Kg8 27. Kg1 Rc8 28. Kf2 Kf8 29. Ke3 Ke8 30. Re7+ Kf8 31. Rd7 Ke8 32.
Rd5 Nf8 33. Ke4 Ng6 34. Bg3 Ke7 35. a5 Rd8 36. Rxd8 Kxd8 37. axb6 cxb6 38.
Kd5 Kd7 39. Bf2 Ne7+ 40. Ke4 Kc6 41. Bd4 Nd5 42. g4 Nc7 43. h4 Ne6 44. Be3
g6 45. h5 b5 46. b4 Nc7 47. c3 Nd5 48. Bd4 Nc7 49. Be3 Ne6 50. hxg6 hxg6
51. g5 Ng7 52. Bd4 Ne6 53. Be3 Nc7 54. Bf2 Nd5 55. Bd4 Ne7 56. Be3 Nf5 57.
Bf2 Ng7 58. Bg1 Ne6 59. Be3 { Game drawn by repetition } 1/2-1/2

[Event "ICC tourney 2248 (120 10)"]
[Site "Internet Chess Club"]
[Date "2020.12.28"]
[Round "6"]
[White "atevifred"]
[Black "Draconian"]
[Result "1-0"]
[ICCResult "Black resigns"]
[WhiteElo "1846"]
[BlackElo "1570"]
[Opening "Réti v Dutch"]
[ECO "A04"]
[NIC "QP.11"]
[Time "17:17:19"]
[PlyCount "88"]
[TimeControl "7200+10"]

1. Nf3 f5 2. c4 Nf6 3. d3 g6 4. g3 Bg7 5. Bg2 O-O 6. O-O d6 7. Nc3 e5 8. e3
Nc6 9. Qb3 Bd7 10. a3 Na5 11. Qa2 c5 12. Bd2 Qb6 13. b4 Nc6 14. Rab1 cxb4
15. c5+ b3 16. Rxb3 Qd8 17. Rxb7+ Kh8 18. Ng5 Qe8 19. cxd6 e4 20. d4 Na5
21. Rc7 h6 22. Nh3 Be6 23. d5 Bf7 24. Nf4 Rc8 25. Rxc8 Qxc8 26. Ne6 Bxe6
27. dxe6 Qc6 28. Nxe4 fxe4 29. Bxa5 Qa4 30. Bc3 Qc6 31. Be5 Ng4 32. Bxg7+
Kxg7 33. Qd2 Qe8 34. e7 Rg8 35. Bxe4 Nf6 36. Qd4 Qd7 37. Rc1 Qe6 38. Bc6
Kh7 39. Rd1 Qf5 40. d7 Ng4 41. Qxg4 Qxg4 42. d8=Q Rg7 43. e8=Q Qxd1+ 44.
Qxd1 Rd7 { Black resigns } 1-0